 Dungeon Crawl Stone Soup version 0.30.1-3-gfc49f6343a (webtiles) character file.

Game seed: 18128129508239964630

50 Peloso the Covered (level 3, -1/33 HPs)
             Began as a Minotaur Fighter on July 19, 2023.
             Blown up by Ijyb (5 damage)
             ... with a mindburst bolt
             ... on level 3 of the Dungeon.
             The game lasted 00:03:10 (1473 turns).

Peloso the Covered (Minotaur Fighter)               Turns: 1473, Time: 00:03:10

Health: -1/33      AC:  7    Str: 26    XL:     3   Next: 55%
Magic:  2/2        EV:  9    Int:  5    God:
Gold:   99         SH:  4    Dex: 11    Spells: 2/2 levels left

rFire   . . .        a - +0 long sword
rCold   . . .        d - +0 buckler
rNeg    . . .        b - +0 scale mail
rPois   .            (helmet restricted)
rElec   .            (no cloak)
rCorr   .            (no gloves)
SInv    .            (no boots)
Will    .....        (no amulet) Stlth
                     j - +6 ring of strength
HPRegen 0.25/turn    (no ring)
MPRegen 0.08/turn

%: no passive effects
@: about to teleport
A: horns 2, retaliatory headbutt
a: no special abilities


You were on level 3 of the Dungeon.
You visited 1 branch of the dungeon, and saw 3 of its levels.

You collected 99 gold pieces.

Inventory:

Hand Weapons
 a - a +0 long sword (weapon)
Armour
 b - a +0 scale mail (worn)
 d - a +0 buckler (worn)
Magical Staves
 c - a staff of fire
Jewellery
 j - a +6 ring of strength (left hand)
Scrolls
 e - a scroll of immolation {unknown}
 f - a scroll of teleportation
 g - a scroll of blinking {unknown}
Potions
 h - a potion of curing {unknown}
 l - 3 potions of heal wounds
 m - a potion of might


   Skills:
 + Level 4.3 Fighting
 + Level 3.1 Long Blades
 + Level 4.3 Armour
 + Level 4.0 Shields


You had 2 spell levels left.
You didn't know any spells.
Your spell library was empty.

Dungeon Overview and Level Annotations

Branches:
Dungeon (3/15)

Altars:

Shops:
D:1 (

Annotations:
D:2 Sigmund
D:3 Ijyb


Innate Abilities, Weirdness & Mutations

You have a pair of horns on your head.
You reflexively headbutt those who attack you in melee.


Message History

A gnoll is wielding a +1 spear of venom.
The gnoll shouts! x2; You hear a shout!
A gnoll comes into view. It is wielding a +0 flail.
There are monsters nearby!
There is a stone staircase leading up here.
The gnoll hits you from afar with a +0 halberd!
The gnoll hits you from afar with a +1 spear of venom.
The gnoll hits you but does no damage.
You are poisoned.
You feel sick.
You feel sick.
You feel sick.
You feel sick.
You feel sick.
You are no longer poisoned.
Found 7 gold pieces.
A kobold comes into view. It is wielding a +0 short sword.
The kobold shouts!
The kobold throws a stone.
The stone hits you but does no damage.
Ijyb the Twisted Goblin comes into view.
She is wielding a +0 dagger of protection and carrying a wand of mindburst (10).
Ijyb shouts!
You hear a shout!
A goblin comes into view. It is wielding a +0 dagger.
Found a scroll labelled FAIPSYAREU.
The goblin shouts!
Ijyb zaps a wand.
You barely resist. Ijyb attacks as you move away!
Ijyb hits you but does no damage. The gnoll hits you but does no damage.
Found 8 gold pieces.
The gnoll hits you from afar with a +0 halberd!
* * * LOW HITPOINT WARNING * * *
Ijyb zaps a wand.
You barely resist.
An orc comes into view. It is wielding a +0 club.
The orc shouts!
The orc moves out of view.
An orc comes into view. It is wielding a +0 whip.
The orc shouts!
You hear a shout!
As you read the scroll of teleportation, it crumbles to dust.
You feel strangely unstable. The gnoll misses you.
Ijyb zaps a wand.
Your mind is blasted!
You die...

#.# ...... P. #g#
.#..# #.# #.#
g...#...
#.###.#..#.#.
#g##g.#.....
#.##g##..#
#.##gKg..#
#.g..#..#########
#.K###.g.@....o.o
#..# #.?....$.###
#..# ##########
#$K# #..# #..#
#.##


You could see Ijyb, 2 gnolls, 2 orcs, a goblin and a kobold.

Vanquished Creatures
  An adder (D:2)
  A worm (D:2)
  4 endoplasms
  4 giant cockroaches (D:1)
  3 goblins
  A hobgoblin (D:1)
  4 kobolds
  4 quokkas
  2 ball pythons
  7 bats
  4 frilled lizards (D:1)
  2 rats
37 creatures vanquished.

Notes
Turn   | Place    | Note
-------+----------+-------------------------------------------
     0 | D:1      | Peloso the Minotaur Fighter began the quest for the Orb.
     0 | D:1      | Reached XP level 1. HP: 19/19 MP: 0/0
   202 | D:1      | Found Yffuovew's Weapon Shoppe.
   202 | D:1      | Noticed a +0 demon trident
   202 | D:1      | Noticed a +0 giant spiked club
   341 | D:1      | Reached XP level 2. HP: 27/27 MP: 1/1
   977 | D:2      | Reached XP level 3. HP: 31/33 MP: 2/2
  1101 | D:2      | Noticed Sigmund
  1463 | D:3      | Noticed Ijyb
  1473 | D:3      | Blown up by Ijyb

Illustrated notes

Levels and vault maps discovered:
D:1:      ncdulo_wetmaze, layout_basic, serial_shops, nicolae_shop_mannequins
D:2:      layout_loops_cross, minmay_misc_feat_columns, uniq_sigmund
D:3:      layout_rooms, slow_altar_1, shapermc_ecumenical_altar_mp_urbaneastern,
          minmay_between, uniq_ijyb

Skill      XL: |  1  2  3 |
---------------+----------+-----
Fighting       | 4 |  4.3
Armour         | 4 |  4.3
Shields        | 4 |  4.0
Long Blades    | 3 |  3.1

Action                     || total
---------------------------++-------
  Melee: Long sword        ||    96
         Headbutt          ||     7
    Use: Scroll            ||     4
         Potion            ||     3
 Armour: Scale mail        ||    62
  Dodge: Dodged            ||    60
  Block: Buckler           ||    22
